 Dungeon Crawl Stone Soup version 0.31-a0-986-g5e6e4ef867 (webtiles) character file.

Game seed: 3495278522150529934

24262 LeprechaunX the Mimic (level 13, -1/81 HPs)
             Began as an Octopode Shapeshifter on Nov 22, 2023.
             Was a High Priest of Ru.
             Killed from afar by an electric eel (16 damage)
             ... with a bolt of electricity
             ... on level 3 of the Lair of Beasts.
             The game lasted 00:30:33 (14914 turns).

LeprechaunX the Mimic (Octopode Shapeshifter)      Turns: 14914, Time: 00:30:34

Health: -1/81      AC:  9    Str: 16    XL:     13   Next: 12%
Magic:  19/19      EV: 17    Int: 12    God:    Ru [*****.]
Gold:   646        SH:  0    Dex: 14    Spells: 18/20 levels left

rFire   . . .        a - melded +0 sling
rCold   . . .        (shield currently unavailable)
rNeg    . . .        (helmet restricted)
rPois   .            (no amulet)
rElec   .            j - +5 ring of evasion
rCorr   .            n - +4 ring of protection
SInv    +            E - +4 ring of protection
Will    +....        J - ring of see invisible
Stlth   +++          R - ring of willpower
HPRegen 0.33/turn    (no ring)
MPRegen 0.16/turn    (no ring)
                     (no ring)

%: no passive effects
@: blade tentacles
A: almost no armour, amphibious, 8 rings, camouflage 1, frail 1, gelatinous body
1, inability to train dodging, no conjurations magic, no ice magic, no
transmutations magic, nimble swimmer 1, tentacles
a: Begin Untransformation, Renounce Religion, Draw Out Power, Power Leap,
Apocalypse


You were on level 3 of the Lair of Beasts.
You worshipped Ru.
Ru was extremely pleased with you.
You had blades for main tentacles.
You visited 3 branches of the dungeon, and saw 15 of its levels.

You collected 682 gold pieces.
You spent 36 gold pieces at shops.

Inventory:

Hand Weapons
 a - a +0 sling (melded)
 O - a +0 triple crossbow
Missiles
 u - 9 boomerangs
 x - 4 throwing nets
Armour
 v - an orb of mayhem
 I - a +0 buckler
 K - a +0 kite shield
Jewellery
 j - a +5 ring of evasion (left blade tentacle)
 n - a +4 ring of protection (right blade tentacle)
 y - an amulet of magic regeneration
 E - a +4 ring of protection (on tentacle)
 G - a ring of wizardry
 J - a ring of see invisible (on tentacle)
 M - an amulet of faith
 R - a ring of willpower (on tentacle)
Talismans
 b - a beast talisman
 c - a flux talisman
 w - a blade talisman (active)
 F - a maw talisman
Wands
 t - a wand of quicksilver (10) (quivered)
 Q - a wand of polymorph (11)
 U - a wand of iceblast (4)
 V - a wand of digging (6)
Scrolls
 d - a scroll of fog {unknown}
 e - 3 scrolls of immolation
 f - a scroll of butterflies {unknown}
 h - 4 scrolls of teleportation
 o - 5 scrolls of blinking
 p - 3 scrolls of enchant armour
 s - 2 scrolls of amnesia
 z - a scroll of revelation {unknown}
 B - a scroll of acquirement {unknown}
 C - 3 scrolls of vulnerability
 H - 3 scrolls of noise
 L - a scroll of fear {unknown}
 N - a scroll of torment {unknown}
 P - a scroll of brand weapon {unknown}
 S - 2 scrolls of enchant weapon
 W - a scroll of identify
Potions
 g - 4 potions of brilliance
 i - 2 potions of degeneration {unknown}
 k - 5 potions of curing
 l - 3 potions of lignification
 m - 3 potions of attraction {unknown}
 q - 4 potions of haste
 r - 4 potions of heal wounds
 A - 4 potions of enlightenment {unknown}
 D - a potion of invisibility {unknown}
 T - 2 potions of might {unknown}


   Skills:
 + Level 9.7 Fighting
 + Level 9.0 Unarmed Combat
 - Level 4.0 Spellcasting
 + Level 4.3 Translocations
 + Level 9.6 Evocations
 * Level 12.7 Shapeshifting


You had 18 spell levels left.
You knew the following spells:

 Your Spells              Type           Power      Damage    Failure   Level
a - Blink                 Tloc           24%        N/A       6%          2

Your spell library contained the following spells:

 Spells                   Type           Power      Damage    Failure   Level
 Lesser Beckoning         Tloc           24%        N/A       6%          2
 Gell's Gravitas          Tloc           12%        N/A       12%         3
 Teleport Other           Tloc           12%        N/A       12%         3
 Volatile Blastmotes      Fire/Tloc      14%        2d11      28%         3
 Manifold Assault         Tloc           12%        N/A       36%         4
 Inner Flame              Hex/Fire       2%         N/A       54%         3
 Tukima's Dance           Hex            2%         N/A       54%         3
 Dimensional Bullseye     Hex/Tloc       3%         N/A       67%         4
 Agony                    Necr           2%         N/A       99%         5
 Silence                  Hex/Air        1%         N/A       99%         5
 Enfeeble                 Hex            1%         N/A       100%        7
 Maxwell's Capacitive Co  Air            1%         ∞         100%        8
 Dazzling Flash           Conj/Hex       Unusable   N/A       N/A         3
 Iskenderun's Mystic Bla  Conj/Tloc      Unusable   2d4       N/A         4
 Yara's Violent Unravell  Hex/Tmut       Unusable   3d3       N/A         5
 Starburst                Conj/Fire      Unusable   6d3       N/A         6

Dungeon Overview and Level Annotations

Branches:
Dungeon (11/15)            Temple (1/1) D:6            Lair (3/5) D:8
  Snake (0/4) Lair:3
  Swamp: Lair:2-3    Shoals: Lair:2-3       Orc: D:9-12

Altars:
Ashenzari
Cheibriados
Dithmenos
Elyvilon
Fedhas
Gozag
Hepliaklqana
Kikubaaqudgha
Makhleb
Nemelex Xobeh
Okawaru
Qazlal
Ru
Sif Muna
Trog
Uskayaw
Vehumet
Wu Jian
Xom
Yredelemnul
Zin
The Shining One

Shops:
D:5 =!!

Annotations:
D:2 1 runed translucent door, Crazy Yiuf
D:3 3 runed translucent doors, blal's ghost, amateur MeCA
Temple 4 transporters


Innate Abilities, Weirdness & Mutations

You have blades for main tentacles.
You are incapable of wielding weapons or throwing items.
You cannot wear most types of armour.
You are amphibious.
You can wear up to eight rings at the same time.
Your skin changes colour to match your surroundings (Stealth+).
You are frail. (-10% HP)
Your rubbery body absorbs attacks. (AC +1, EV +1)
You cannot train Dodging skill.
You cannot study or cast Conjurations magic.
You cannot study or cast Ice magic.
You cannot study or cast Transmutations magic.
You are camouflaged when in or above water. (Stealth+)
You have tentacles for arms and can constrict up to eight enemies at once.


Message History

You release your grip on the plant.
A nearby plant withers and dies.
You start resting.
A merfolk is nearby!
The merfolk hits you from afar with a +3 trident!
The merfolk hits you with a +3 trident!
You slice the merfolk!! Your grab misses the merfolk.
The merfolk is heavily wounded.
You slash the merfolk! You grab the merfolk.
The merfolk is heavily wounded.
You constrict the merfolk.
The merfolk hits you with a +3 trident!!
You slice the merfolk!!
You kill the merfolk!
You hear a splash.
Your Unarmed Combat skill increases to level 9!
An electric eel comes into view.
The electric eel shoots out a bolt of lightning at you!
The bolt of electricity hits you.
The electric eel shoots out a bolt of lightning at you!
The bolt of electricity misses the electric eel.
The bolt of electricity hits you. The bolt of electricity hits you!
* * * LOW HITPOINT WARNING * * *
Things that are here:
a +3 trident; a merfolk corpse You slash the electric eel!
You grab the electric eel. You squeeze the electric eel.
The electric eel is almost dead.
You constrict the electric eel.
Unknown command.
You hit the electric eel but do no damage.
The electric eel is almost dead.
You constrict the electric eel.
You kill the electric eel!
You hear a splash.
The electric eel shoots out a bolt of lightning at you!
The bolt of electricity hits you!
* * * LOW HITPOINT WARNING * * *
The bolt of electricity hits you!
You die...

.~~~~~..........#...# #..
~~~~~~~P........#P..## ##.
~~~..~~~........##...##### #..
~.P...~~~..#########.#†.P# ##.
.P.....~~###~S~$~~~#.....####P.
~..>...~~P## #S# #....#.##.P.
P.~~.~P~~..# #~# #...........
~..~.P~~~..####†####....#......
~~..P~~~...~~~@~~~~~.......#..#
~~~~~~~.~..####~####....#......
.~~~~~.~#.##~ #~# ~###........#
#......#.###~~#~#~~# #.......)#
#.....### #~~~$~~~# #.......#.
#####. ######### .###P..#.. #
##[


You could see an electric eel.

Vanquished Creatures
  A hydra (Lair:3)
  4 two-headed ogres
  A boulder beetle (D:8)
  Sonja (Lair:2)
  Pikel (D:4)
  An elephant (Lair:1)
  2 black mambas
  Maggie (D:7)
  5 cane toads
  6 komodo dragons
  2 rime drakes
  2 merfolk (Lair:3)
  2 trolls
  A polar bear (Lair:2)
  A hornet (D:8)
  8 blink frogs
  5 wyverns
  28 yaks
  A basilisk (Lair:2)
  Eustachio (D:4)
  Menkaure (D:4)
  A steam dragon (D:9)
  Edmund (D:4)
  A naga (Lair:3)
  10 water moccasins
  Duvessa (D:4)
  3 black bears
  An orc warrior (D:6)
  An ice beast (D:7)
  A sky beast (D:6)
  2 ogres
  3 centaurs
  8 wolves
  A lemure (D:4)
  2 kobold brigands
  14 bullfrogs
  3 necrophages (D:4)
  2 gnoll sergeants
  A scorpion (D:6)
  11 wights
  Dowan (D:4)
  14 killer bees
  5 electric eels
  2 centaur zombies (D:4)
  A human zombie (D:4)
  An orc priest (D:8)
  7 hounds
  Natasha (thrice) (D:3)
  3 iguanas
  A sleepcap (D:5)
  8 orc wizards
  7 hell rats (Lair:1)
  2 hound zombies (D:4)
  A mummy (D:4)
  Robin (D:3)
  11 gnolls
  6 adders
  2 shadow imps
  4 ufetubi (D:6)
  3 adder zombies (D:4)
  3 dart slugs
  24 orcs
  8 ball pythons
  6 endoplasms
  3 giant cockroaches
  16 goblins
  14 hobgoblins
  10 jackals
  15 kobolds
  7 quokkas
  5 bats
  4 frilled lizards
  3 rats
343 creatures vanquished.

Vanquished Creatures (others)
  A cane toad (Lair:2)
  2 scorpions (D:5)
  An adder (D:5)
  A kobold (D:8)
5 creatures vanquished.

Grand Total: 348 creatures vanquished

Notes
Turn   | Place    | Note
-------+----------+-------------------------------------------
     0 | D:1      | LeprechaunX the Octopode Shapeshifter began the quest for
                  | the Orb.
     0 | D:1      | Reached XP level 1. HP: 13/13 MP: 1/1
   112 | D:1      | Reached XP level 2. HP: 18/18 MP: 2/2
   246 | D:1      | Reached XP level 3. HP: 10/23 MP: 3/3
   899 | D:2      | Found a white marble altar of Elyvilon.
  1011 | D:2      | Reached XP level 4. HP: 29/29 MP: 4/4
  1114 | D:2      | Found a runed translucent door.
  1115 | D:2      | Noticed Crazy Yiuf
  1451 | D:3      | Noticed Natasha
  1459 | D:3      | Killed Natasha
  1460 | D:3      | Reached skill level 4 in Shapeshifting
  1489 | D:3      | Noticed Natasha
  1497 | D:3      | Killed Natasha
  1498 | D:3      | Reached XP level 5. HP: 32/35 MP: 5/5
  1542 | D:3      | Noticed Robin
  1609 | D:3      | Found a runed translucent gate.
  1609 | D:3      | Found a runed translucent gate.
  1609 | D:3      | Found a runed translucent gate.
  1612 | D:3      | Noticed blal's ghost (amateur MeCA)
  1699 | D:3      | Killed Robin
  2107 | D:3      | Noticed Natasha
  2114 | D:3      | Killed Natasha
  2115 | D:3      | Reached XP level 6. HP: 38/41 MP: 6/6
  2161 | D:4      | Noticed Eustachio
  2183 | D:4      | Killed Eustachio
  2184 | D:4      | Reached skill level 5 in Shapeshifting
  2315 | D:4      | Noticed Menkaure
  2336 | D:4      | Noticed Duvessa
  2338 | D:4      | Noticed Dowan
  2404 | D:4      | Reached XP level 7. HP: 44/46 MP: 7/7
  2657 | D:4      | Killed Duvessa
  2658 | D:4      | Reached skill level 1 in Evocations
  2662 | D:4      | Killed Dowan
  2866 | D:4      | Noticed Pikel
  2881 | D:4      | Killed Pikel
  2882 | D:4      | Reached skill level 5 in Unarmed Combat
  2882 | D:4      | Reached skill level 6 in Shapeshifting
  2882 | D:4      | Reached XP level 8. HP: 41/54 MP: 8/8
  2964 | D:4      | Killed Menkaure
  3010 | D:4      | Found a basalt altar of Yredelemnul.
  3041 | D:4      | Reached skill level 7 in Shapeshifting
  3110 | D:4      | Reached skill level 5 in Fighting
  3229 | D:4      | Noticed Edmund
  3243 | D:4      | Killed Edmund
  3244 | D:4      | Reached XP level 9. HP: 47/61 MP: 9/9
  3381 | D:5      | Entered Level 5 of the Dungeon
  3397 | D:5      | Found Vilig's Distillery.
  3430 | D:5      | Found a glowing silver altar of Zin.
  3467 | D:5      | Found Rihoniqi's Distillery.
  3479 | D:5      | Bought a potion of curing for 36 gold pieces
  3571 | D:5      | Reached skill level 5 in Evocations
  3571 | D:5      | Reached skill level 8 in Shapeshifting
  3592 | D:5      | Found Lisuutha's Jewellery Emporium.
  3727 | D:5      | Found a shimmering altar of Xom.
  4084 | D:6      | Found a sacrificial altar of Ru.
  4123 | D:6      | Became a worshipper of Ru the Awakened
  4357 | D:6      | Reached skill level 9 in Shapeshifting
  4421 | D:6      | Reached XP level 10. HP: 40/69 MP: 10/10
  4775 | D:6      | Found a staircase to the Ecumenical Temple.
  4926 | D:6      | Found a shadowy altar of Dithmenos.
  5354 | Temple   | Found a transporter.
  5354 | Temple   | Found a transporter.
  5354 | Temple   | Found a transporter.
  5354 | Temple   | Found a transporter.
  5354 | Temple   | Entered the Ecumenical Temple
  5757 | D:7      | Gained mutation: You cannot study or cast Ice magic. [Ru
                  | sacrifice]
  5757 | D:7      | Gained mutation: You cannot study or cast Transmutations
                  | magic. [Ru sacrifice]
  5757 | D:7      | Gained mutation: You cannot study or cast Conjurations
                  | magic. [Ru sacrifice]
  5757 | D:7      | Reached * piety under Ru
  5797 | D:7      | Noticed Maggie
  5813 | D:7      | Killed Maggie
  6824 | D:8      | Noticed a boulder beetle
  6838 | D:8      | Killed a boulder beetle
  6839 | D:8      | Reached skill level 10 in Shapeshifting
  7340 | D:8      | Reached XP level 11. HP: 71/76 MP: 11/11
  7476 | D:8      | Found a staircase to the Lair.
  7796 | D:8      | Noticed a two-headed ogre
  7808 | D:8      | Killed a two-headed ogre
  7865 | D:8      | Found a broken altar of Ashenzari.
  8891 | D:9      | Reached skill level 11 in Shapeshifting
  9319 | D:9      | Gained mutation: You are frail. (-10% HP) [Ru sacrifice]
  9319 | D:9      | Reached ** piety under Ru
  9336 | D:10     | Entered Level 10 of the Dungeon
  9596 | D:10     | Noticed a two-headed ogre
  9616 | D:10     | Killed a two-headed ogre
  9660 | D:10     | Noticed a two-headed ogre
  9669 | D:10     | Killed a two-headed ogre
  9670 | D:10     | Reached skill level 5 in Dodging
  9670 | D:10     | Reached skill level 1 in Spellcasting
  9854 | D:10     | Found a hazy altar of Hepliaklqana.
 10009 | D:10     | Noticed a two-headed ogre
 10013 | D:10     | Learned a level 2 spell: Blink
 10022 | D:10     | Killed a two-headed ogre
 10097 | D:10     | Reached skill level 1 in Translocations
 10097 | D:10     | Reached XP level 12. HP: 58/75 MP: 14/14
 10595 | Lair:1   | Entered Level 1 of the Lair of Beasts
 11898 | Lair:1   | Reached skill level 12 in Shapeshifting
 11921 | Lair:1   | Gained mutation: You cannot train Dodging skill. [Ru
                  | sacrifice]
 11921 | Lair:1   | Reached *** piety under Ru
 11921 | Lair:1   | Reached **** piety under Ru
 11921 | Lair:1   | Reached ***** piety under Ru
 12548 | Lair:2   | Noticed Sonja
 13772 | Lair:2   | Killed Sonja
 13899 | Lair:3   | Found a blossoming altar of Fedhas.
 14032 | Lair:3   | Noticed a six-headed hydra
 14038 | Lair:3   | Killed a six-headed hydra
 14153 | Lair:3   | Reached XP level 13. HP: 81/81 MP: 18/18
 14182 | Lair:3   | Found a staircase to the Snake Pit.
 14914 | Lair:3   | Killed from afar by an electric eel

Illustrated notes

Levels and vault maps discovered:
D:1:      giann_horns, layout_rooms, serial_curves, eino_curves_04,
          eino_curves_02, eino_curves_04, eino_curves_01
D:2:      layout_basic, basic_altar, uniq_crazy_yiuf_cottage
D:3:      layout_basic, biasface_ghost_orc_armoury, uniq_natasha, uniq_robin
D:4:      layout_basic, lemuel_mausoleum_altar_yredelemnul, uniq_pikel,
          uniq_eustachio, uniq_duvessa, uniq_menkaure, uniq_edmund
D:5:      layout_rooms, xom_confusion_cloud, mainiacjoe_overflow_tiny_flanked,
          serial_shops, shop, nicolae_stop_n_shop_2, shop, feat_on_display
D:6:      layout_basic, mainiacjoe_overflow_small_starburst,
          nicolae_ru_great_annihilating_truth,
          minmay_temple_entry_enclosed_plants, st_stairs_4,
          nicolae_zig_zag_zippers
D:7:      layout_layer_cave, uniq_maggie
D:8:      layout_basic, cheibrodos_ashenzari_chains, erik_lair_island
D:9:      layout_basic
D:10:     layout_stronghold, nzn_hepliaklqana_mist_gate, feat_on_display
D:11:     layout_cave_pools, orc_0_dummy, serial_park, serial_park_tiny_pond,
          serial_park_tiny_2, serial_park_avenue1, serial_park_square1
          [serial_park_minivault_5x5_7]
Temple:   hellmonk_temple_divided_pantheon
Lair:1:   layout_regular_city, st_stairs_6, grunt_megastairs_2,
          infiniplex_staircase_pool_2
Lair:2:   layout_small_grid, infiniplex_staircase_pool, uniq_sonja
Lair:3:   layout_misc_corridors, mainiacjoe_shoals_entry_four_pools,
          guppyfry_snake_entry_island, ebering_ghost_reflecting_pool,
          basic_altar, nicolae_quartered_pool_medium

Skill      XL: |  1  2  3  4  5  6  7  8  9 10 11 12 13 |
---------------+----------------------------------------+-----
Fighting       | 2 3 4 5 6 7 8 9 |  9.7
Shapeshifting  | 4 5 6 7 9 10 11 12 | 12.7
Unarmed Combat | 4 5 6 7 8 9 |  9.0
Evocations     | 3 4 6 7 8 9 |  9.6
Dodging        | 3 5 0 |  0.0
Spellcasting   | 1 3 4 |  4.0
Translocations | 1 3 4 |  4.3

Action                     |  1- 3 |  4- 6 |  7- 9 | 10-12 | 13-15 || total
---------------------------+-------+-------+-------+-------+-------++-------
  Melee: Unarmed           |    71 |   122 |   194 |   512 |    50 ||   949
         Constrict         |    21 |    33 |    41 |    77 |    12 ||   184
         Tentacles         |    12 |    26 |    57 |   123 |     9 ||   227
         Punch             |       |     4 |     9 |    33 |     2 ||    48
   Fire: Sling             |       |       |    30 |    36 |       ||    66
   Cast: Blink             |       |       |       |       |     2 ||     2
 Invoke: Sacrifice Arcana  |       |       |       |     1 |       ||     1
         Sacrifice Health  |       |       |       |     1 |       ||     1
         Sacrifice Nimblen |       |       |       |     1 |       ||     1
  Evoke: Wand              |       |       |     2 |     3 |       ||     5
    Use: Scroll            |       |       |       |    11 |       ||    11
         Potion            |       |       |       |       |     3 ||     3
   Stab: Sleeping          |     5 |     6 |     7 |     8 |       ||    26
         Distracted        |       |     1 |       |     3 |       ||     4
         Paralysed         |       |       |     1 |       |       ||     1
         Invisible         |       |       |       |     2 |     1 ||     3
 Armour: Skin              |    33 |    38 |    60 |   234 |    39 ||   404
  Dodge: Dodged            |    39 |    77 |   125 |   424 |    42 ||   707
   Form: Blade             |       |       |       |     2 |       ||     2
         Beast             |       |       |       |     1 |       ||     1

Table legend: (Time is in decaauts)
 A = Elapsed time spent in this place.
 B = Non-inter-level travel time spent in this place.
 C = Inter-level travel time spent in this place.
 D = Time resting spent in this place.
 E = Time spent auto-exploring this place.
 F = Levels seen in this place.
 G = Mean time per level.
                   A        B        C        D        E       F      G
               +--------+--------+--------+--------+--------+-----+--------+
         Total |  14824 |  14294 |    530 |   3557 |   7935 |  15 |  988.3 |
       Dungeon |  10522 |  10091 |    431 |   1535 |   6439 |  11 |  956.5 |
        Temple |     17 |      1 |     16 |      0 |      0 |   1 |   17.0 |
          Lair |   4284 |   4201 |     83 |   2022 |   1496 |   3 | 1428.0 |
               +--------+--------+--------+--------+--------+-----+--------+

Top non-repeatable levels by time:
  Lair:1: 2220 daAuts
     D:8: 1774 daAuts
  Lair:2: 1536 daAuts
     D:7: 1275 daAuts
     D:4: 1216 daAuts
     D:9: 1104 daAuts
     D:6: 1054 daAuts
    D:10: 1010 daAuts
     D:5: 910 daAuts
     D:1: 766 daAuts
     D:3: 729 daAuts
     D:2: 678 daAuts
  Lair:3: 527 daAuts
  Temple: 17 daAuts
    D:11: 1 daAuts
